 Dungeon Crawl Stone Soup version 0.30-a0-778-g2ef04afb54 (webtiles) character file.

Game seed: 4857216752450811282

112 greasedhog the Cudgeller (level 4, -1/21 (28) HPs)
             Began as a Gargoyle Reaver on Feb 8, 2023.
             Slain by an ogre
             ... wielding a +0 giant club
              (22 damage)
             ... on level 3 of the Dungeon on Feb 15, 2023.
             The game lasted 00:04:24 (2404 turns).

greasedhog the Cudgeller (Gargoyle Reaver)          Turns: 2404, Time: 00:04:25

HP:   -1/21 (28)    AC: 10    Str: 17    XL:     4   Next: 93%
MP:   6/7           EV: 10    Int: 14    God:
Gold: 123           SH:  0    Dex:  8    Spells: 6/7 levels left

rFire   . . .      SeeInvis .    a - +0 mace
rCold   . . .      Faith    .    (no shield)
rNeg    + . .      Spirit   .    r - +0 ring mail
rPois   ∞          Reflect  .    (no helmet)
rElec   +          Harm     .    (no cloak)
rCorr   .          Rampage  .    (no gloves)
Will    .....                    f - +0 pair of boots Stlth
                                 (no amulet)
HPRegen 0.23/turn                (no ring)
MPRegen 0.10/turn                (no ring)

@: very heavily drained
A: sickness immunity, AC +3, negative energy resistance 1, electricity
resistance, torment resistance 1, petrification resistance
a: no special abilities


You were on level 3 of the Dungeon.
You visited 1 branch of the dungeon, and saw 3 of its levels.

You collected 123 gold pieces.

Inventory:

Hand Weapons
 a - a +0 mace (weapon)
Missiles
 d - 2 curare-tipped darts
Armour
 f - a +0 pair of boots (worn)
 r - a +0 ring mail (worn)
Scrolls
 b - a scroll of teleportation
 c - a scroll of silence
 e - a scroll of summoning
 g - a scroll of fog
 j - a scroll of magic mapping {unknown}
 k - 2 scrolls of immolation {unknown}
 l - a scroll of fear {unknown}
 n - 2 scrolls of torment {unknown}
 p - a scroll of enchant weapon {unknown}
 s - a scroll of vulnerability {unknown}
 t - a scroll of enchant armour {unknown}
Potions
 h - 3 potions of curing
 i - 2 potions of cancellation {unknown}
 m - a potion of ambrosia {unknown}
 o - a potion of brilliance {unknown}
 q - a potion of berserk rage {unknown}
 u - a potion of haste {unknown}


   Skills:
 + Level 3.2 Fighting
 * Level 4.3 Maces & Flails
 + Level 2.2 Armour
 - Level 1.5 Dodging
 - Level 2.0 Spellcasting
 - Level 3.2 Conjurations


You had 6 spell levels left.
You knew the following spells:

 Your Spells              Type           Power      Damage    Failure   Level
a - Kiss of Death         Conj/Necr      24%        2d7       22%         1

Your spell library contained the following spells:

 Spells                   Type           Power      Damage    Failure   Level
 Momentum Strike          Conj/Tloc      12%        3d8       32%         2
 Hailstorm                Conj/Ice       6%         3d4       54%         3


Dungeon Overview and Level Annotations

Branches:
Dungeon (3/15)

Altars:


Innate Abilities, Weirdness & Mutations

You are immune to sickness and miasma.
Your stone body is resilient. (AC +3)
You are immune to poison.
You resist negative energy. (rN+)
You are resistant to electric shocks. (rElec)
You are resistant to unholy torment.
You are immune to petrification.


Message History

You barely miss the goblin. The goblin barely misses you.
You closely miss the goblin.
The goblin hits you but does no damage. x2
You hit the goblin but do no damage. The goblin barely misses you.
You closely miss the goblin. The goblin hits you but does no damage.
You barely miss the goblin. The goblin barely misses you.
You hit the goblin.
The goblin is severely wounded.
The goblin closely misses you.
You closely miss the goblin.
The goblin is severely wounded.
The goblin hits you but does no damage. x2
You hit the goblin.
You kill the goblin!
No target in view!
No target in view!
Things that are here:
a +0 club; a goblin corpse
Found a helmet.
You open the door.
An ogre and 8 goblins come into view.
A goblin is wielding a +0 dagger of electrocution.
The goblin shouts! x2; The ogre shouts!
The goblin shouts! x5
The goblin unwields a +0 club.
The goblin wields a +0 sling.
The goblin shoots a sling bullet.
The sling bullet closely misses you.
Found 10 large rocks.
You barely miss the goblin. The goblin hits you with a +0 club.
You hit the goblin.
You kill the goblin!
You closely miss the goblin.
Casting: Kiss of Death (safe; 22% risk of failure)
Confirm with . or Enter, or press ? or * to list all spells.
Aiming: Kiss of Death (safe; 22% risk of failure)
Press: ? - help, Shift-Dir - straight line, f - ogre
Aim: an ogre, wielding a +0 giant club (100% to hit)
The negative energy hits the ogre!
The ogre is drained!
The ogre is moderately wounded.
You feel drained. The goblin hits you but does no damage.
The ogre hits you with a +0 giant club!!
Ouch! That really hurt!
You die...

#.[..##.#.##.................
#..#......#...##...........##
#....##......###...........#
#.#########.## ####.......##
#.# #.# ##.....## #.## #.#
##...## #..## ######## ##.##
##..<## #.gg#..# #.# #.#...#
#gggO@.########.# ##...##
#.(g#g........#
####.#########...#####.#
#.......# #...[..#
#.##.##.########.##.##.# #
##.##.#..............# #
#..##.#.#####.###.####
#.#.###.#......... #
#.#.###.#.##.##.###


You could see an ogre (drained) and 7 goblins.

Vanquished Creatures
  An adder (D:2)
  4 worms
  5 dart slugs
  4 orcs (D:3)
  3 ball pythons
  12 endoplasms
  3 giant cockroaches
  7 goblins
  7 hobgoblins
  A quokka (D:1)
  8 bats
  3 frilled lizards
  8 kobolds
  5 rats
71 creatures vanquished.

Notes
Turn   | Place    | Note
-------+----------+-------------------------------------------
     0 | D:1      | greasedhog the Gargoyle Reaver began the quest for the Orb.
     0 | D:1      | Reached XP level 1. HP: 12/12 MP: 3/3
   115 | D:1      | Reached XP level 2. HP: 16/18 MP: 5/5
   175 | D:1      | Reached skill level 1 in Armour
   319 | D:1      | Reached XP level 3. HP: 17/22 MP: 6/6
  1129 | D:2      | Reached skill level 4 in Maces & Flails
  1129 | D:2      | Reached XP level 4. HP: 19/27 MP: 7/7
  1402 | D:2      | Upgraded the game from 0.30-a0-748-ge6a52f7cba to
                  | 0.30-a0-778-g2ef04afb54
  1430 | D:2      | Found a faded altar of an unknown god.
  2400 | D:3      | Noticed an ogre
  2404 | D:3      | Slain by an ogre

Illustrated notes

Levels and vault maps discovered:
D:1:      mainiacjoe_arrival_reflecting_pool, layout_basic,
          hangedman_decor_slide_cut, minmay_pentomino_r4
D:2:      layout_basic, shapermc_ecumenical_altar_venn, grunt_ministairs_14
D:3:      layout_loops_cross, minmay_ogre_servants

Skill      XL: |  1  2  3  4 |
---------------+-------------+-----
Armour         | 1 2 |  2.2
Maces & Flails | 4 |  4.3
Fighting       | 3 |  3.2
Dodging        | |  1.5
Spellcasting   | |  2.0
Conjurations   | |  3.2

Action                     |  1- 3 |  4- 6 || total
---------------------------+-------+-------++-------
  Melee: Mace              |   134 |   124 ||   258
         Punch             |       |     1 ||     1
   Cast: Kiss of Death     |       |     2 ||     2
    Use: Scroll            |     5 |       ||     5
 Armour: Leather armour    |    80 |    10 ||    90
         Ring mail         |       |    34 ||    34
  Dodge: Dodged            |    86 |    67 ||   153

Table legend: (Time is in decaauts)
 A = Elapsed time spent in this place.
 B = Non-inter-level travel time spent in this place.
 C = Inter-level travel time spent in this place.
 D = Time resting spent in this place.
 E = Time spent auto-exploring this place.
 F = Levels seen in this place.
 G = Mean time per level.
                   A        B        C        D        E       F      G
               +--------+--------+--------+--------+--------+-----+--------+
         Total |   2456 |   2321 |    135 |    117 |   1618 |   3 |  818.7 |
       Dungeon |   2456 |   2321 |    135 |    117 |   1618 |   3 |  818.7 |
               +--------+--------+--------+--------+--------+-----+--------+

Top non-repeatable levels by time:
     D:2: 1063 daAuts
     D:1: 797 daAuts
     D:3: 596 daAuts
